 Dungeon Crawl Stone Soup version 0.27-a0-1193-g8631133539 (webtiles) character file.

Game seed: 53842309909995943

434 Delamore the Cudgeller (level 7, 0/44 HPs)
             Began as a Gargoyle Fighter on May 26, 2021.
             Killed from afar by an orc wizard (10 damage)
             ... with a puff of flame
             ... on level 3 of the Dungeon.
             The game lasted 00:03:38 (3817 turns).

Delamore the Cudgeller (Gargoyle Fighter)           Turns: 3817, Time: 00:03:38

Health: 0/44       AC: 11    Str: 22    XL:     7   Next: 0%
Magic:  0/7        EV: 11    Int:  8    God:
Gold:   167        SH:  0    Dex:  9    Spells: 6/6 levels left

rFire    . . .     SeeInvis .   a - +0 flail
rCold    . . .     Faith    .   c - +0 kite shield
rNeg     + . .     Spirit   +   b - +0 scale mail
rPois    ∞         Reflect  .   (no helmet)
rElec    +         Harm     .   (no cloak)
rCorr    .         Rampage  .   (no gloves)
Will     .....                  (no boots)
Stlth    ..........             j - amulet of guardian spirit
HPRegen  0.14/turn              e - +4 ring of evasion
MPRegen  0.10/turn              (no ring)

@: confused
A: sickness immunity, AC +4, negative energy resistance 1, electricity
resistance, torment resistance 1, petrification resistance
a: no special abilities


You were on level 3 of the Dungeon.
You visited 1 branch of the dungeon, and saw 4 of its levels.

You collected 167 gold pieces.

Inventory:

Hand Weapons
 a - a +0 flail (weapon)
Missiles
 i - 8 poisoned darts (quivered)
Armour
 b - a +0 scale mail (worn)
 c - a +0 kite shield (worn)
Jewellery
 e - a +4 ring of evasion (left hand)
 j - an amulet of guardian spirit (around neck)
Wands
 o - a wand of mindburst (7)
Scrolls
 f - a scroll of vulnerability {unknown}
 h - a scroll of amnesia {unknown}
 l - a scroll of fog {unknown}
 m - a scroll of blinking {unknown}
 n - a scroll of teleportation {unknown}
Potions
 d - a potion of might
 g - 2 potions of magic
 k - a potion of heal wounds


   Skills:
 - Level 5.0 Fighting
 * Level 6.4 Maces & Flails
 - Level 3.2 Armour
 - Level 3.2 Shields


You had 6 spell levels left.
You didn't know any spells.
Your spell library was empty.

Dungeon Overview and Level Annotations

Branches:
Dungeon (4/15)
 Temple: D:4-7

Altars:
Elyvilon
Makhleb
Nemelex Xobeh
Ru
Xom
Zin


Innate Abilities, Weirdness & Mutations

You are immune to sickness and miasma.
Your stone body is resilient. (AC +4)
You are immune to poison.
You resist negative energy. (rN+)
You are resistant to electric shocks. (rElec)
You are resistant to unholy torment.
You are immune to petrification.


Message History

A magic dart appears from out of thin air!
The magic dart hits you.
You miss something. You block something's attack.
You hear some strange, mumbled words.
A magic dart appears from out of thin air!
The magic dart hits you! You block something's attack.
You barely miss something.
Something hits you but does no damage. x2
Something hits you.
You hear some strange, mumbled words.
You are confused.
There is a stone staircase leading up here.
Something hits you.
* * * LOW HITPOINT WARNING * * *
You hear some strange, mumbled words.
Something tries to affect you, but you resist.
You climb upwards.
Reactivating autopickup.
There is a stone staircase leading down here.
Something hits you but does no damage.
Deactivating autopickup; reactivate with Ctrl-A.
You miss something.
You hear some strange, mumbled words.
Something tries to affect you, but you resist.
Something hits you.
* * * LOW HITPOINT WARNING * * *
Something hits you but does no damage.
You feel less confused. Something hits you.
* * * LOW HITPOINT WARNING * * *
You hear some strange, mumbled words.
Something tries to affect you, but you resist.
Okay, then.
You barely miss something.
Something hits you but does no damage. x2
You hear some strange, mumbled words.
You are confused.
You closely miss something.
Something hits you but does no damage. x2
You hear some strange, mumbled words.
A puff of flame appears from out of thin air!
The puff of flame hits you!
You die...

#.....<.....####'####..##......
#..........##.#)).#.##.........
#..........#..'...'..#.##.....#
#..........##.#...#.##.##......
########....####'####..##....##
###....#...#...########
#.##.##.##.###########
#.....###.......^.....
####.@..........##....
#.....).............
#...{>..............
#....)..............
####............)......
#........####..........
#........#####...##....
#...............####...
#........###########...


There were no monsters in sight!

Vanquished Creatures
  Grinder (D:3)
  2 orc priests
  An orc wizard (D:4)
  4 gnolls (D:4)
  3 adders
  2 worms
  4 dart slugs
  2 orcs (D:3)
  8 ball pythons
  7 bats
  8 endoplasms
  A giant cockroach (D:1)
  8 hobgoblins
  2 quokkas
  A frilled lizard (D:1)
  10 goblins
  8 kobolds
  5 rats
77 creatures vanquished.

Notes
Turn   | Place    | Note
-------+----------+-------------------------------------------
     0 | D:1      | Delamore the Gargoyle Fighter began the quest for the Orb.
     0 | D:1      | Reached XP level 1. HP: 14/14 MP: 1/1
   175 | D:1      | Reached XP level 2. HP: 17/19 MP: 2/2
   209 | D:1      | Found a faded altar of an unknown god.
   562 | D:1      | Reached skill level 3 in Maces & Flails
   572 | D:1      | Reached XP level 3. HP: 24/24 MP: 3/3
  2026 | D:3      | Found a sparkling altar of Nemelex Xobeh.
  2026 | D:3      | Found a shimmering altar of Xom.
  2026 | D:3      | Found a white marble altar of Elyvilon.
  2026 | D:3      | Found a burning altar of Makhleb.
  2026 | D:3      | Found a sacrificial altar of Ru.
  2074 | D:3      | Reached XP level 4. HP: 23/29 MP: 4/4
  2182 | D:3      | Found a glowing silver altar of Zin.
  2555 | D:3      | Reached skill level 4 in Maces & Flails
  3006 | D:4      | Reached XP level 5. HP: 28/34 MP: 5/5
  3175 | D:4      | Noticed a black bear
  3175 | D:4      | Noticed Grinder
  3486 | D:3      | Paralysed by Grinder for 3 turns
  3495 | D:3      | Killed Grinder
  3496 | D:3      | Reached skill level 5 in Fighting
  3496 | D:3      | Reached skill level 6 in Maces & Flails
  3496 | D:3      | Reached XP level 6. HP: 17/40 MP: 3/6
  3786 | D:4      | Reached XP level 7. HP: 44/44 MP: 7/7
  3817 | D:3      | Killed from afar by an orc wizard

Illustrated notes

Levels and vault maps discovered:
D:1:      grunt_arrival_crossed_arrows, layout_loops_corners,
          hellmonk_ecumenical_altar_run_dry, minmay_ruptured
D:2:      layout_basic
D:3:      cheibrodos_greedy_goblins, layout_rooms, grunt_temple_overflow_open,
          zin_academy
D:4:      layout_rooms, uniq_pikel, uniq_grinder, uniq_crazy_yiuf_cottage

Skill      XL: |  1  2  3  4  5 |
---------------+----------------+-----
Maces & Flails | 3 4 6 |  6.4
Fighting       | 4 5 |  5.0
Armour         | |  3.2
Shields        | |  3.2

Action                   |  1- 3 |  4- 6 |  7- 9 || total
-------------------------+-------+-------+-------++-------
Melee: Flail             |   144 |   121 |    17 ||   282
       Unarmed           |       |     2 |       ||     2
Throw: Dart              |       |    22 |       ||    22
Evoke: Wand              |       |     7 |       ||     7
  Use: Scroll            |       |     2 |       ||     2
Armor: Scale mail        |    84 |    78 |    22 ||   184
Dodge: Dodged            |    55 |    86 |     5 ||   146
Block: Kite shield       |    73 |    99 |     7 ||   179

Table legend: (Time is in decaauts)
 A = Elapsed time spent in this place.
 B = Non-inter-level travel time spent in this place.
 C = Inter-level travel time spent in this place.
 D = Time resting spent in this place.
 E = Time spent auto-exploring this place.
 F = Levels seen in this place.
 G = Mean time per level.
                   A        B        C        D        E       F      G
               +--------+--------+--------+--------+--------+-----+--------+
         Total |   3955 |   3837 |    118 |    534 |   2520 |   4 |  988.8 |
       Dungeon |   3955 |   3837 |    118 |    534 |   2520 |   4 |  988.8 |
               +--------+--------+--------+--------+--------+-----+--------+

Top non-repeatable levels by time:
     D:3: 1424 daAuts
     D:1: 1199 daAuts
     D:2: 891 daAuts
     D:4: 440 daAuts
